 Dungeon Crawl Stone Soup version 0.31-a0-152-g6aa68a64a1 (webtiles) character file.

Game seed: 6471747199289619412

11826 qw the Cleaver (level 11, -1/72 HPs)
             Began as a Gargoyle Fighter on June 10, 2023.
             Was an Elder of Okawaru.
             Killed from afar by an oklob plant (4 damage)
             ... with a splash of acid
             ... on level 1 of the Lair of Beasts.
             The game lasted 00:05:15 (10429 turns).

qw the Cleaver (Gargoyle Fighter)                  Turns: 10429, Time: 00:05:16

Health: -1/72      AC: 27    Str: 23    XL:     11   Next: 83%
Magic:  15/16      EV: 13    Int:  8    God:    Okawaru [****..]
Gold:   590        SH: 11    Dex: 13    Spells: 10/10 levels left

rFire   . . .        Y - +1 war axe
rCold   . . .        c - +0 buckler
rNeg    + . .        b - +0 plate armour
rPois   inf          n - +1 helmet
rElec   +            w - +1 cloak of Starlight {*Dazzle EV+4 Stlth--}
rCorr   .            o - +1 pair of gloves
SInv    .            (no boots)
Will    .....        m - amulet of reflection Stlth
                     k - +4 ring of protection
HPRegen 0.32/turn    (no ring)
MPRegen 0.15/turn

%: reflection
@: about to teleport, heroic, corroded
A: sickness immunity, AC +8, negative energy resistance 1, electricity
resistance, torment resistance 1, petrification resistance, agile 1, high MP 1,
screaming 1
a: Renounce Religion, Heroism, Finesse


You were on level 1 of the Lair of Beasts.
You worshipped Okawaru.
Okawaru was greatly pleased with you.
You visited 3 branches of the dungeon, and saw 11 of its levels.

You collected 590 gold pieces.


Innate Abilities, Weirdness & Mutations

You are immune to sickness and miasma.
Your stone body is resilient. (AC +8)
You are immune to poison.
You resist negative energy. (rN+)
You are resistant to electric shocks. (rElec)
You are resistant to unholy torment.
You are immune to petrification.
You are agile. (Dex +4, Str/Int -1)
You have an increased reservoir of magic. (+10% MP)
You occasionally shout uncontrollably at your foes.


   Skills:
 - Level 9.8(14.8) Fighting
 - Level 12.0(17.0) Axes
 - Level 3.5(8.5) Throwing
 + Level 8.1(13.1) Armour
 - Level 2.0(7.0) Dodging
 - Level 5.0(10.0) Shields
 + Level 5.3 Invocations


You had 10 spell levels left.
You didn't know any spells.
Your spell library was empty.

Inventory:

Hand Weapons
 u - a +0 flail of protection
 Y - a +1 war axe (weapon)
Missiles
 q - 2 boomerangs
 s - 3 javelins
Armour
 b - a +0 plate armour (worn)
 c - a +0 buckler (worn)
 n - a +1 helmet (worn)
 o - a +1 pair of gloves (worn)
 w - the +1 cloak of Starlight (worn) {*Dazzle EV+4 Stlth--}
   (You found it on level 8 of the Dungeon)

   *Dazzle:   It may blind those who miss an attack against the wearer in melee
   combat.
   EV:        It affects your evasion (+4).
   Stlth:     It makes you much less stealthy.
Jewellery
 k - a +4 ring of protection (left hand)
 m - an amulet of reflection (around neck)
Wands
 a - a wand of digging (1)
Scrolls
 i - 3 scrolls of teleportation
 j - a scroll of identify
Potions
 d - a potion of might
 e - 2 potions of magic
 f - a potion of mutation
 g - 2 potions of curing
 h - a potion of cancellation
 l - a potion of lignification
 r - 2 potions of haste
 t - a potion of resistance

Dungeon Overview and Level Annotations

Branches:
Dungeon (9/15)             Temple (1/1) D:5            Lair (1/5) D:9
    Orc: D:9-12

Altars:
Ashenzari
Cheibriados
Dithmenos
Elyvilon
Fedhas
Gozag
Hepliaklqana
Kikubaaqudgha
Makhleb
Nemelex Xobeh
Okawaru
Qazlal
Ru
Sif Muna
Trog
Uskayaw
Vehumet
Wu Jian
Xom
Yredelemnul
Zin
The Shining One

Annotations:
D:2 1 runed translucent door, Crazy Yiuf


Message History

You hit the oklob plant but do no damage.
The oklob plant is moderately damaged.
You hit the fungus but do no damage. You completely miss the komodo dragon.
You hit the oklob plant but do no damage.
The oklob plant is moderately damaged.
You slash the fungus! You slash the komodo dragon!
You block the komodo dragon's attack. The oklob plant spits acid at you.
The splash of acid hits you!! The acid corrodes you!
You slash the oklob plant!
The oklob plant is heavily damaged.
You hit the fungus but do no damage. You hit the komodo dragon.
A nearby fungus withers and dies.
The komodo dragon misses you.
You hit the oklob plant.
The oklob plant is heavily damaged.
You hit the komodo dragon. The oklob plant spits acid at you.
You block splash of acid... and reflect it back!
The splash of acid hits the oklob plant.
The oklob plant completely resists.
You block the komodo dragon's attack.
You slash the oklob plant!
The oklob plant is severely damaged.
You closely miss the komodo dragon. The oklob plant spits acid at you.
You block splash of acid... and reflect it back!
The splash of acid hits the oklob plant.
The oklob plant completely resists.
You slash the oklob plant!
The oklob plant is almost destroyed.
You hit the komodo dragon but do no damage.
The komodo dragon bites you but does no damage.
The oklob plant spits acid at you. The splash of acid hits you!!
10429 ||| READING 4 scrolls of teleportation.
As you read the scroll of teleportation, it crumbles to dust.
You feel strangely unstable.
The komodo dragon bites you but does no damage.
The oklob plant spits acid at you. The splash of acid hits you.
You die...

......
.....# ....#
###...#
#.....#
##.... #.lP#
##@## #...#
##..## #...#
##..## .##
#...# ... ..
##..##..#...
#...#..#...
#...#......


You could see an oklob plant and a komodo dragon.

Vanquished Creatures
  Gastronok (D:9)
  A two-headed ogre (D:6)
  6 elephants (Lair:1)
  A komodo dragon (D:9)
  Grinder (D:3)
  13 yaks
  A wyvern (D:9)
  A basilisk (D:9)
  2 steam dragons
  4 water moccasins
  An acid dragon (D:8)
  6 orc warriors
  2 sky beasts (D:8)
  4 black bears
  4 ogres
  4 centaurs
  6 wolves (Lair:1)
  A phantom (D:3)
  A kobold brigand (D:9)
  5 bullfrogs
  2 scorpions (D:4)
  12 wights
  An electric eel (D:8)
  6 howler monkeys
  A jelly (D:6)
  A quasit (D:8)
  2 gnoll boudas
  4 orc priests
  3 hounds
  Jessica (D:2)
  7 iguanas
  2 sleepcaps
  4 orc wizards
  Robin (D:3)
  7 gnolls
  7 adders
  3 shadow imps (D:8)
  A white imp (D:8)
  5 ufetubi
  3 worms
  4 dart slugs
  20 orcs
  5 endoplasms
  18 goblins
  14 hobgoblins
  3 jackals (D:1)
  11 kobolds
  5 quokkas
  4 ball pythons
  6 bats
  3 frilled lizards
  A rat (D:1)
232 creatures vanquished.

Vanquished Creatures (others)
  An angel (D:3)
  A kobold brigand (D:9)
  An orc wizard (D:5)
  A white imp (D:8)
4 creatures vanquished.

Grand Total: 236 creatures vanquished

Notes
Turn   | Place    | Note
-------+----------+-------------------------------------------
     0 | D:1      | qw the Gargoyle Fighter began the quest for the Orb.
     0 | D:1      | Reached XP level 1. HP: 14/14 MP: 1/1
     0 | D:1      | 0 ||| qw: Version: 0.2-a-29-gd901d54
     0 | D:1      | 0 ||| qw: Game counter: 3976
     0 | D:1      | 0 ||| qw: Always use a shield: true
     0 | D:1      | 0 ||| qw: God list: Okawaru
     0 | D:1      | 0 ||| qw: Allow faded altars: false
     0 | D:1      | 0 ||| qw: Do Orc after D:15 true
     0 | D:1      | 0 ||| qw: Do second Lair branch before Depths: true
     0 | D:1      | 0 ||| qw: Lair rune preference: random
     0 | D:1      | 0 ||| qw: Plans: Normal, Zot:1-4, Slime:5, God:TSO, Crypt,
                  | Tomb, Abyss, Pan, Hells, Win
     0 | D:1      | 0 ||| PLANNING D:1-11
   271 | D:1      | Reached skill level 2 in Axes
   303 | D:1      | 303 ||| Stepping ~*~*~tactically~*~*~ (stealth).
   304 | D:1      | 304 ||| Stepping ~*~*~tactically~*~*~ (stealth).
   316 | D:1      | Reached XP level 2. HP: 19/19 MP: 2/2
   984 | D:1      | 984 ||| UPGRADING to +1 cloak of poison resistance.
   989 | D:1      | 989 ||| UPGRADING to +4 ring of protection.
   990 | D:1      | 990 ||| READING scroll labelled ZUSSEN XEGRA.
   991 | D:1      | 991 ||| READING 2 scrolls labelled YSMEFYFEGU.
   992 | D:1      | 992 ||| READING scroll labelled QOXZIA XIEXTU.
   993 | D:1      | 993 ||| READING scroll labelled YSTREO VUXTOCS.
   994 | D:1      | 994 ||| DROPPING scroll of vulnerability.
  1053 | D:2      | Reached skill level 3 in Axes
  1064 | D:2      | Noticed Jessica
  1065 | D:2      | 1065 ||| Stepping ~*~*~tactically~*~*~ (hiding).
  1069 | D:2      | Killed Jessica
  1070 | D:2      | Reached XP level 3. HP: 19/23 MP: 3/3
  1323 | D:2      | Reached XP level 4. HP: 28/28 MP: 4/4
  1383 | D:2      | 1383 ||| Stepping ~*~*~tactically~*~*~ (hiding).
  1452 | D:2      | Reached skill level 4 in Axes
  1754 | D:2      | 1754 ||| Stepping ~*~*~tactically~*~*~ (stealth).
  1814 | D:2      | Found a runed translucent door.
  1815 | D:2      | Noticed Crazy Yiuf
  1872 | D:2      | 1872 ||| READING scroll labelled EBLEJO GUGOTS.
  1920 | D:2      | 1920 ||| DRINKING 2 silvery potions.
  2030 | D:3      | Found a shimmering altar of Xom.
  2035 | D:3      | Noticed an angel
  2042 | D:3      | Found a glowing silver altar of Zin.
  2281 | D:3      | 2281 ||| Stepping ~*~*~tactically~*~*~ (stealth).
  2283 | D:3      | 2283 ||| Stepping ~*~*~tactically~*~*~ (stealth).
  2284 | D:3      | 2284 ||| Stepping ~*~*~tactically~*~*~ (stealth).
  2478 | D:3      | Noticed Grinder
  2478 | D:3      | Noticed Robin
  2495 | D:3      | Killed Robin
  2497 | D:3      | Reached XP level 5. HP: 15/32 MP: 5/5
  2502 | D:3      | Paralysed by Grinder for 2 turns
  2503 | D:3      | HP: 8/32 [Grinder/nerve-wracking pain (5)]
  2508 | D:3      | Killed Grinder
  2509 | D:3      | Reached skill level 6 in Axes
  2509 | D:3      | Reached XP level 6. HP: 7/37 MP: 6/6
  2615 | D:3      | 2615 ||| Stepping ~*~*~tactically~*~*~ (stealth).
  2618 | D:3      | 2618 ||| Stepping ~*~*~tactically~*~*~ (stealth).
  2619 | D:3      | 2619 ||| Stepping ~*~*~tactically~*~*~ (stealth).
  2620 | D:3      | 2620 ||| Stepping ~*~*~tactically~*~*~ (stealth).
  2628 | D:3      | 2628 ||| Stepping ~*~*~tactically~*~*~ (stealth).
  2634 | D:3      | 2634 ||| Stepping ~*~*~tactically~*~*~ (stealth).
  2640 | D:3      | Killed an angel
  2645 | D:3      | 2645 ||| DROPPING +0 whip.
  2690 | D:3      | Found a faded altar of an unknown god.
  3005 | D:3      | 3005 ||| UPGRADING to +0 pair of gloves.
  3010 | D:3      | 3010 ||| UPGRADING to +1 helmet.
  3015 | D:3      | 3015 ||| READING scroll labelled RUSHED TECVA.
  3016 | D:3      | 3016 ||| READING 2 scrolls labelled WUGYECEDDYM.
  3017 | D:3      | 3017 ||| DRINKING 2 metallic pink potions.
  3018 | D:3      | 3018 ||| READING 2 scrolls of identify.
  3018 | D:3      | 3018 ||| IDENTIFYING cyan potion
  3019 | D:3      | 3019 ||| DROPPING potion of degeneration.
  3020 | D:3      | 3020 ||| DROPPING scroll of poison.
  3220 | D:4      | Reached XP level 7. HP: 43/43 MP: 7/7
  3322 | D:4      | 3322 ||| FLEEEEING.
  3323 | D:4      | 3323 ||| FLEEEEING.
  3324 | D:4      | 3324 ||| FLEEEEING.
  3325 | D:4      | 3325 ||| FLEEEEING.
  3326 | D:4      | 3326 ||| FLEEEEING.
  3327 | D:4      | 3327 ||| FLEEEEING.
  3328 | D:4      | 3328 ||| FLEEEEING.
  3329 | D:4      | 3329 ||| FLEEEEING.
  3330 | D:4      | 3330 ||| FLEEEEING.
  3331 | D:4      | 3331 ||| STAIRDANCE
  3382 | D:4      | 3382 ||| STAIRDANCE
  3394 | D:3      | Reached skill level 7 in Axes
  3678 | D:4      | 3678 ||| FLEEEEING.
  3697 | D:4      | 3697 ||| FLEEEEING.
  3698 | D:4      | 3698 ||| FLEEEEING.
  3706 | D:4      | 3706 ||| STAIRDANCE
  3740 | D:3      | 3740 ||| UPGRADING to +1 pair of gloves.
  3750 | D:3      | 3750 ||| DROPPING +0 pair of gloves.
  3751 | D:3      | 3751 ||| READING scroll labelled ERONIA LEKHOD.
  3752 | D:3      | 3752 ||| READING 2 scrolls of identify.
  3752 | D:3      | 3752 ||| IDENTIFYING fuming cyan potion
  3885 | D:5      | Entered Level 5 of the Dungeon
  3886 | D:5      | 3886 ||| PLANNING SEWER
  3889 | D:5      | 3889 ||| Stepping ~*~*~tactically~*~*~ (hiding).
  4144 | D:5      | Reached skill level 1 in Dodging
  4145 | D:5      | 4145 ||| Stepping ~*~*~tactically~*~*~ (stealth).
  4228 | D:5      | 4228 ||| Stepping ~*~*~tactically~*~*~ (stealth).
  4241 | D:5      | Reached XP level 8. HP: 38/49 MP: 8/8
  4551 | D:5      | Found a staircase to the Ecumenical Temple.
  4563 | D:5      | 4563 ||| Stepping ~*~*~tactically~*~*~ (hiding).
  4564 | D:5      | 4564 ||| Stepping ~*~*~tactically~*~*~ (hiding).
  4574 | D:5      | Reached skill level 8 in Axes
  4625 | D:5      | 4625 ||| RIP SEWER
  4672 | D:5      | 4672 ||| PLANNING TEMPLE
  4672 | D:5      | 4672 ||| READING scroll labelled BIALUAS ERIVAN.
  4673 | D:5      | 4673 ||| READING 3 scrolls of identify.
  4673 | D:5      | 4673 ||| IDENTIFYING orange potion
  4674 | D:5      | 4674 ||| READING 2 scrolls of identify.
  4674 | D:5      | 4674 ||| IDENTIFYING bubbling sapphire potion
  4675 | D:5      | 4675 ||| DROPPING potion of brilliance.
  4681 | Temple   | Entered the Ecumenical Temple
  4767 | Temple   | 4767 ||| PLANNING OKAWARU WORSHIP
  4881 | Temple   | Became a worshipper of Warmaster Okawaru
  4881 | Temple   | 4881 ||| PLANNING D:1-11
  4951 | D:5      | 4951 ||| DROPPING +0 mace.
  4992 | D:5      | 4992 ||| Stepping ~*~*~tactically~*~*~ (stealth).
  5203 | D:5      | Reached skill level 6 in Fighting
  5533 | D:5      | Reached skill level 1 in Throwing
  5549 | D:5      | 5549 ||| UPGRADING to +0 chain mail.
  5559 | D:5      | 5559 ||| DROPPING +0 scale mail.
  5691 | D:6      | 5691 ||| FLEEEEING.
  5771 | D:6      | Reached * piety under Okawaru
  5772 | D:6      | Reached XP level 9. HP: 48/56 MP: 9/9
  5831 | D:6      | 5831 ||| Stepping ~*~*~tactically~*~*~ (hiding).
  5845 | D:6      | Reached skill level 1 in Invocations
  6163 | D:6      | 6163 ||| DROPPING +0 flail.
  6240 | D:6      | Noticed a two-headed ogre
  6241 | D:6      | 6241 ||| Stepping ~*~*~tactically~*~*~ (stealth).
  6242 | D:6      | 6242 ||| Stepping ~*~*~tactically~*~*~ (stealth).
  6251 | D:6      | 6251 ||| INVOKING Heroism.
  6267 | D:6      | 6267 ||| INVOKING Heroism.
  6267 | D:6      | HP: 11/56 [two-headed ogre/+0 giant club (10)]
  6268 | D:6      | 6268 ||| READING 5 scrolls of teleportation.
  6269 | D:6      | 6269 ||| DRINKING potion of heal wounds.
  6272 | D:6      | Killed a two-headed ogre
  6273 | D:6      | Reached skill level 3 in Throwing
  6273 | D:6      | Reached skill level 3 in Invocations
  6555 | D:6      | 6555 ||| UPGRADING to +0 plate armour.
  6565 | D:6      | 6565 ||| DROPPING +0 chain mail.
  6566 | D:6      | 6566 ||| READING 2 scrolls of identify.
  6566 | D:6      | 6566 ||| IDENTIFYING black potion
  6619 | D:7      | Reached ** piety under Okawaru
  6731 | D:7      | Reached skill level 9 in Axes
  6981 | D:7      | 6981 ||| INVOKING Heroism.
  7128 | D:7      | 7128 ||| INVOKING Heroism.
  7140 | D:7      | Reached skill level 6 in Armour
  7490 | D:7      | 7490 ||| UPGRADING to amulet of reflection.
  7537 | D:8      | 7537 ||| Stepping ~*~*~tactically~*~*~ (stealth).
  7685 | D:8      | 7685 ||| INVOKING Heroism.
  7794 | D:8      | Reached XP level 10. HP: 59/61 MP: 13/13
  7856 | D:8      | Found the +1 cloak of Starlight {*Dazzle EV+4 Stlth--}
  7943 | D:8      | 7943 ||| Stepping ~*~*~tactically~*~*~ (hiding).
  7944 | D:8      | 7944 ||| Stepping ~*~*~tactically~*~*~ (hiding).
  8010 | D:8      | 8010 ||| Stepping ~*~*~tactically~*~*~ (hiding).
  8011 | D:8      | 8011 ||| Stepping ~*~*~tactically~*~*~ (hiding).
  8012 | D:8      | 8012 ||| Stepping ~*~*~tactically~*~*~ (hiding).
  8013 | D:8      | 8013 ||| Stepping ~*~*~tactically~*~*~ (hiding).
  8014 | D:8      | 8014 ||| Stepping ~*~*~tactically~*~*~ (hiding).
  8015 | D:8      | 8015 ||| Stepping ~*~*~tactically~*~*~ (hiding).
  8016 | D:8      | 8016 ||| Stepping ~*~*~tactically~*~*~ (hiding).
  8231 | D:8      | 8231 ||| INVOKING Heroism.
  8256 | D:8      | Reached skill level 10 in Axes
  8270 | D:8      | 8270 ||| INVOKING Heroism.
  8290 | D:8      | Reached *** piety under Okawaru
  8307 | D:8      | 8307 ||| FLEEEEING.
  8309 | D:8      | 8309 ||| STAIRDANCE
  8341 | D:7      | 8341 ||| UPGRADING to +1 cloak of Starlight {*Dazzle EV+4
                  | Stlth--}.
  8351 | D:7      | 8351 ||| DROPPING +1 cloak of poison resistance.
  8352 | D:7      | 8352 ||| READING scroll labelled FIVVEU KUFF.
  8355 | D:8      | 8355 ||| INVOKING Heroism.
  8751 | D:8      | 8751 ||| INVOKING Heroism.
  9006 | D:9      | 9006 ||| INVOKING Heroism.
  9172 | D:9      | 9172 ||| Stepping ~*~*~tactically~*~*~ (stealth).
  9180 | D:9      | 9180 ||| Stepping ~*~*~tactically~*~*~ (hiding).
  9297 | D:9      | 9297 ||| Stepping ~*~*~tactically~*~*~ (cloud).
  9298 | D:9      | 9298 ||| Stepping ~*~*~tactically~*~*~ (cloud).
  9300 | D:9      | 9300 ||| INVOKING Heroism.
  9313 | D:9      | 9313 ||| Stepping ~*~*~tactically~*~*~ (stealth).
  9326 | D:9      | Reached skill level 11 in Axes
  9326 | D:9      | Reached XP level 11. HP: 59/68 MP: 14/14
  9348 | D:9      | 9348 ||| Stepping ~*~*~tactically~*~*~ (stealth).
  9363 | D:9      | 9363 ||| INVOKING Heroism.
  9371 | D:9      | 9371 ||| DRINKING 3 potions of curing.
  9371 | D:9      | 9371 ||| (to cure confusion)
  9387 | D:9      | Found a flagged portal.
  9410 | D:9      | 9410 ||| Stepping ~*~*~tactically~*~*~ (stealth).
  9411 | D:9      | 9411 ||| Stepping ~*~*~tactically~*~*~ (stealth).
  9413 | D:9      | 9413 ||| INVOKING Heroism.
  9444 | D:9      | Found a staircase to the Lair.
  9451 | D:9      | 9451 ||| INVOKING Heroism.
  9456 | D:9      | Noticed Gastronok
  9479 | D:9      | 9479 ||| INVOKING Heroism.
  9482 | D:9      | HP: 13/69 [Gastronok (9)]
  9483 | D:9      | 9483 ||| READING 5 scrolls of teleportation.
  9484 | D:9      | 9484 ||| DRINKING potion of heal wounds.
  9730 | D:9      | 9730 ||| Stepping ~*~*~tactically~*~*~ (hiding).
  9731 | D:9      | 9731 ||| Stepping ~*~*~tactically~*~*~ (hiding).
  9733 | D:9      | 9733 ||| Stepping ~*~*~tactically~*~*~ (hiding).
  9735 | D:9      | 9735 ||| INVOKING Heroism.
  9739 | D:9      | 9739 ||| Stepping ~*~*~tactically~*~*~ (hiding).
  9754 | D:9      | Killed Gastronok
  9754 | D:9      | Reached **** piety under Okawaru
  9755 | D:9      | Reached skill level 9 in Fighting
  9764 | D:9      | 9764 ||| INVOKING Heroism.
 10039 | D:9      | 10039 ||| PLANNING LAIR
 10039 | D:9      | 10039 ||| DROPPING +1 cloak.
 10040 | D:9      | 10040 ||| READING scroll labelled AWKYDASCHEU.
 10041 | D:9      | 10041 ||| DRINKING 2 fuming ruby potions.
 10041 | D:9      | Gained mutation: You occasionally shout uncontrollably at
                  | your foes. [potion of mutation]
 10041 | D:9      | Gained mutation: You are agile. (Dex +4, Str/Int -1)
                  | [potion of mutation]
 10041 | D:9      | Gained mutation: You have an increased reservoir of magic.
                  | (+10% MP) [potion of mutation]
 10048 | D:9      | 10048 ||| READING 3 scrolls of identify.
 10048 | D:9      | 10048 ||| IDENTIFYING murky amethyst potion
 10049 | D:9      | 10049 ||| READING 2 scrolls of identify.
 10049 | D:9      | 10049 ||| IDENTIFYING murky green potion
 10068 | Lair:1   | Entered Level 1 of the Lair of Beasts
 10071 | Lair:1   | 10071 ||| STAIRDANCE
 10078 | D:9      | 10078 ||| INVOKING Heroism.
 10261 | Lair:1   | 10261 ||| INVOKING Heroism.
 10401 | Lair:1   | Reached skill level 12 in Axes
 10415 | Lair:1   | Noticed an oklob plant
 10416 | Lair:1   | 10416 ||| INVOKING Heroism.
 10428 | Lair:1   | HP: 3/72 [oklob plant/splash of acid (25)]
 10429 | Lair:1   | 10429 ||| READING 4 scrolls of teleportation.
 10429 | Lair:1   | Killed from afar by an oklob plant

Levels and vault maps discovered:
D:1:      minmay_arrival_stone_box, layout_basic, minmay_split_cup_small
D:2:      layout_loops_ring, kennysheep_flooded_box, uniq_jessica,
          uniq_crazy_yiuf_cottage
D:3:      layout_loops_corners, grunt_temple_overflow_order_and_chaos_1,
          ebering_ecumenical_altar_hall, uniq_grinder, uniq_robin
D:4:      layout_layer_cave
D:5:      layout_basic, minmay_temple_entry_grid, gup_sewer_entry_glass,
          grunt_decor_cap, sigmund_army
D:6:      layout_gridville
D:7:      layout_cave_pods
D:8:      layout_loops_corners, serial_demonic, serial_demonic_f,
          serial_demonic_f, serial_demonic_f, serial_demonic_e,
          serial_demonic_e, serial_demonic_g, nrook_mini_vaults,
          minmay_gold_behind_fungi
D:9:      layout_loops_ring, due_lair_maze_entry_diamond, enter_bailey_6,
          uniq_gastronok
Temple:   nicolae_temple_slightly_damp_pantheon
Lair:1:   layout_cave_pods, pond

Skill      XL: |  1  2  3  4  5  6  7  8  9 10 11 |
---------------+----------------------------------+-----
Axes           | 2 3 4 6 7 8 9 11 12 | 12.0
Fighting       | 4 5 6 8 9 |  9.8
Dodging        | 1 2 |  2.0
Throwing       | 1 3 |  3.5
Armour         | 4 6 7 8 |  8.1
Invocations    | 4 5 |  5.3
Shields        | 4 5 |  5.0

Action                     |  1- 3 |  4- 6 |  7- 9 | 10-12 || total
---------------------------+-------+-------+-------+-------++-------
  Melee: War axe           |    77 |   113 |   336 |   400 ||   926
 Invoke: Heroism           |       |       |     5 |    15 ||    20
    Use: Scroll            |     4 |     4 |     7 |     6 ||    21
         Potion            |       |     2 |     1 |     3 ||     6
   Stab: Invisible         |       |       |       |     7 ||     7
 Armour: Scale mail        |    37 |    73 |   112 |       ||   222
         Chain mail        |       |       |    50 |       ||    50
         Plate armour      |       |       |    61 |   222 ||   283
  Dodge: Dodged            |    43 |    35 |   154 |   168 ||   400
  Block: Buckler           |    18 |    16 |    83 |   180 ||   297
         Reflection        |       |       |       |     4 ||     4

Table legend:
 A = Non-vault XP
 B = Vault XP
 C = Vault XP percentage of total XP
 D = Non-vault monster count
 E = Vault monster count
 F = Vault count percentage of total count
                 A         B        C        D         E       F
            +---------+---------+-------+---------+---------+-------
      Total |   13506 |    3389 |  20.1 |     193 |      41 |  17.5
            +---------+---------+-------+---------+---------+-------
        D:1 |      21 |       6 |  22.2 |      12 |       3 |  20.0
        D:2 |      47 |      37 |  44.0 |      15 |       1 |   6.2
        D:3 |     270 |     323 |  54.5 |      19 |      14 |  42.4
        D:4 |     316 |       0 |   0.0 |      14 |       0 |   0.0
        D:5 |    1035 |       4 |   0.4 |      25 |       2 |   7.4
        D:6 |    1502 |       0 |   0.0 |      15 |       0 |   0.0
        D:7 |     855 |       0 |   0.0 |      20 |       0 |   0.0
        D:8 |    3145 |     118 |   3.6 |      25 |      10 |  28.6
        D:9 |    2657 |    2901 |  52.2 |      36 |      11 |  23.4
     Lair:1 |    3658 |       0 |   0.0 |      12 |       0 |   0.0
            +---------+---------+-------+---------+---------+-------
